 Dungeon Crawl Stone Soup version 0.28.0 (webtiles) character file.

Game seed: 615495773057988821

13278 browni3141 the Severer (level 11, -13/102 HPs)
             Began as a Minotaur Berserker on Feb 16, 2022.
             Was a Priest of Trog.
             Mangled by a very large slime creature (33 damage)
             ... on level 12 of the Dungeon.
             The game lasted 00:06:39 (13038 turns).

browni3141 the Severer (Minotaur Berserker)        Turns: 13038, Time: 00:06:40

Health: -13/102    AC: 15    Str: 25    XL:     11   Next: 73%
Magic:  10/10      EV: 11    Int:  4    God:    Trog [***...]
Gold:   509        SH:  6    Dex: 11    Spells: 10/10 levels left

rFire   . . .      SeeInvis .   H - +0 war axe
rCold   . . .      Faith    .   s - +0 buckler
rNeg    . . .      Spirit   .   P - +0 acid dragon scales
rPois   .          Reflect  .   (helmet restricted)
rElec   .          Harm     .   k - +2 cloak
rCorr   +          Rampage  .   r - +0 pair of gloves
Will    .....                   C - +0 pair of boots
Stlth   +.........              (no amulet)
HPRegen 0.27/turn               (no ring)
MPRegen 0.12/turn               (no ring)

@: on berserk cooldown, slowed, very slow
A: horns 2, retaliatory headbutt
a: Renounce Religion, Berserk, Trog's Hand


You were on level 12 of the Dungeon.
You worshipped Trog.
Trog was most pleased with you.
You visited 1 branch of the dungeon, and saw 12 of its levels.
You visited the Abyss 1 time.

You collected 545 gold pieces.
You spent 36 gold pieces at shops.

Inventory:

Hand Weapons
 a - a +0 hand axe
 H - a +0 war axe (weapon)
Missiles
 q - 2 throwing nets (quivered)
Armour
 b - a +0 animal skin
 e - a +0 cloak
 f - a +0 scale mail
 k - a +2 cloak (worn)
 r - a +0 pair of gloves (worn)
 s - a +0 buckler (worn)
 C - a +0 pair of boots (worn)
 L - a +0 chain mail
 P - +0 acid dragon scales (worn)
Jewellery
 v - a ring of ice
 D - a ring of fire
 N - an amulet of guardian spirit
Wands
 g - a wand of polymorph (5)
 w - a wand of paralysis (14)
 y - a wand of iceblast (21)
 z - a wand of flame (36)
 O - a wand of charming (6)
Scrolls
 h - 11 scrolls of identify {unknown}
 i - 7 scrolls of teleportation {unknown}
 j - 7 scrolls of vulnerability {unknown}
 l - 2 scrolls of magic mapping {unknown}
 m - a scroll of blinking {unknown}
 o - 2 scrolls of noise {unknown}
 p - 3 scrolls of amnesia {unknown}
 u - a scroll of enchant armour {unknown}
 x - a scroll of torment {unknown}
 B - a scroll of enchant weapon {unknown}
 I - a scroll of fog {unknown}
Potions
 c - 4 potions of flight {unknown}
 d - 7 potions of curing
 n - a potion of lignification {unknown}
 t - 2 potions of might {unknown}
 A - a potion of mutation {unknown}
 E - 4 potions of haste
 F - 2 potions of cancellation {unknown}
 G - a potion of magic {unknown}
 J - 2 potions of heal wounds {unknown}
 K - a potion of degeneration {unknown}
 M - a potion of invisibility {unknown}
 Q - a potion of resistance {unknown}


   Skills:
 + Level 11.3 Fighting
 * Level 15.1 Axes
 + Level 10.8 Armour
 - Level 2.1 Dodging
 + Level 8.3 Shields


You had 10 spell levels left.
You didn't know any spells.
Your spell library was empty.

Dungeon Overview and Level Annotations

Branches:
Dungeon (12/15)            Temple (0/1) D:7            Lair (0/6) D:11
    Orc (0/2) D:10

Altars:
Cheibriados
Fedhas
Gozag
Kikubaaqudgha
Makhleb
Okawaru
Ru
Trog
Vehumet
Wu Jian
Xom
Yredelemnul
Zin

Shops:
D:5 !

Annotations:
D:3 exclusion: statue
D:5 1 runed translucent door


Innate Abilities, Weirdness & Mutations

You have a pair of horns on your head.
You reflexively headbutt those who attack you in melee.


Message History

No target in view!
There is a stone staircase leading down here.
The fire dragon roars deafeningly!
The fire dragon bites you but does no damage.
The fire dragon claws you.
The fire dragon tramples you but does no damage.
You climb downwards.
The slime creature quivers. x2
There is a stone staircase leading up here.
There are monsters nearby!
There are monsters nearby!
A troll comes into view.
Found a ring mail.
The troll shouts!
A vampire comes into view.
Two slime creatures merge to form a large slime creature.
The vampire gestures at you while chanting.
You resist with some effort.
Two slime creatures merge to form a very large slime creature.
The vampire hits you!
* * * LOW HITPOINT WARNING * * *
The vampire closely misses you.
The vampire hits you but does no damage.
The vampire bites you but does no damage.
You block the troll's attack. The troll claws you.
* * * LOW HITPOINT WARNING * * *
The troll claws you but does no damage. The troll barely misses you.
You furiously retaliate!
You headbutt the troll. The troll barely misses you. The troll claws you.
* * * LOW HITPOINT WARNING * * *
The vampire casts a spell at you. You resist with some effort.
The troll bites you but does no damage. The troll claws you.
* * * LOW HITPOINT WARNING * * *
The troll claws you but does no damage.
The very large slime creature hits you but does no damage.
The troll barely misses you. The troll misses you.
The troll claws you but does no damage.
The very large slime creature hits you!!
You die...

..............[#
...............#
.....<.........#
...............#
...............#
...............###
..##+#+##......T.#
.. #.....VJ.# .
##.#####@# #.# #.#
#.# #.# #.# #.#
#.# #.# #.# #..
#.# #.. ..# #..


You could see a very large slime creature, a troll and a vampire.

Vanquished Creatures
  Snorg (D:11)
  A two-headed ogre (D:9)
  A death yak (D:8)
  Pikel (D:4)
  A cyclops (D:11)
  Maurice (D:10)
  Maggie (D:10)
  2 trolls
  The ghost of browni3141 the Chopper, an amateur MiBe of Trog (D:4)
  A hornet (D:7)
  5 slime creatures (D:8)
  22 yaks
  A wyvern (D:9)
  3 wargs (D:10)
  4 acid dragons
  Duvessa (D:4)
  2 orc warriors
  2 sky beasts
  An ice beast (D:8)
  A necrophage (D:6)
  2 black bears
  3 centaurs
  6 ogres
  2 kobold brigands (D:10)
  3 phantoms
  5 bullfrogs
  A scorpion (D:7)
  A gnoll sergeant (D:9)
  A wyvern zombie (D:6)
  An electric eel (D:8)
  11 wights
  6 howler monkeys
  A bullfrog zombie (D:4)
  3 centaur zombies
  A jelly (D:6)
  3 hounds
  2 orc priests (D:9)
  A bullfrog skeleton (D:4)
  A centaur skeleton (D:6)
  3 iguanas
  Jessica (D:2)
  2 orc wizards (D:9)
  Natasha (twice) (D:2)
  A howler monkey zombie (D:9)
  7 gnolls
  9 adders
  2 worms
  3 dart slugs
  13 orcs
  5 bats
  11 endoplasms
  3 giant cockroaches
  3 goblins
  5 hobgoblins
  14 kobolds
  5 quokkas
  8 ball pythons
  11 frilled lizards
  9 rats
  A bush (D:10)
225 creatures vanquished.

Vanquished Creatures (others)
  7 plants (D:2)
7 creatures vanquished.

Grand Total: 232 creatures vanquished

Notes
Turn   | Place    | Note
-------+----------+-------------------------------------------
     0 | D:1      | browni3141 the Minotaur Berserker began the quest for the
                  | Orb.
     0 | D:1      | Reached XP level 1. HP: 19/19 MP: 0/0
   177 | D:1      | Reached skill level 4 in Axes
   177 | D:1      | Reached XP level 2. HP: 25/27 MP: 1/1
   576 | D:1      | Reached XP level 3. HP: 23/33 MP: 2/2
   708 | D:1      | Found a faded altar of an unknown god.
  1205 | D:2      | Reached ** piety under Trog
  1393 | D:2      | Noticed Natasha
  1403 | D:2      | Killed Natasha
  1404 | D:2      | Reached skill level 5 in Axes
  1404 | D:2      | Reached XP level 4. HP: 35/41 MP: 3/3
  1820 | D:2      | Noticed Natasha
  1827 | D:2      | Killed Natasha
  1828 | D:2      | Reached XP level 5. HP: 40/47 MP: 4/4
  1913 | D:2      | Noticed Jessica
  1915 | D:2      | Killed Jessica
  2454 | D:3      | Reached skill level 5 in Fighting
  2454 | D:3      | Reached skill level 6 in Axes
  2647 | D:3      | Found a snail-covered altar of Cheibriados.
  2700 | D:3      | Found a radiant altar of Vehumet.
  2700 | D:3      | Noticed a charred statue
  2725 | D:3      | Noticed a phantom
  2741 | D:3      | Killed a phantom
  2742 | D:3      | Reached XP level 6. HP: 38/56 MP: 5/5
  3158 | D:4      | Noticed Pikel
  3160 | D:4      | Noticed Duvessa
  3160 | D:4      | Noticed Dowan
  3170 | D:4      | Killed Pikel
  3171 | D:4      | Reached skill level 8 in Axes
  3171 | D:4      | Reached skill level 5 in Armour
  3171 | D:4      | Reached XP level 7. HP: 64/64 MP: 6/6
  3177 | D:4      | Killed Duvessa
  3182 | D:4      | Cast into level 1 of the Abyss (Dowan)
  3196 | Abyss:1  | Noticed a ynoxinul
  3234 | D:4      | Escaped the Abyss
  3265 | D:4      | Noticed Dowan
  3265 | D:4      | Dowan changed into Dowan the giant cockroach
  3268 | D:4      | Killed Dowan the giant cockroach
  3616 | D:4      | Reached XP level 8. HP: 68/71 MP: 7/7
  3799 | D:4      | Reached skill level 9 in Axes
  3889 | D:4      | Found a runed translucent gate.
  3889 | D:4      | Found a runed translucent gate.
  3889 | D:4      | Found a runed translucent gate.
  3892 | D:4      | Noticed browni3141's ghost (amateur MiBe)
  4370 | D:4      | Killed browni3141's ghost
  4410 | D:5      | Entered Level 5 of the Dungeon
  4493 | D:5      | Reached skill level 10 in Axes
  4597 | D:5      | Reached skill level 1 in Shields
  4867 | D:5      | Found Pigutek's Distillery.
  4872 | D:5      | Bought a potion of curing for 36 gold pieces
  5068 | D:5      | Found a runed translucent door.
  5070 | D:5      | Found a basalt altar of Yredelemnul.
  5409 | D:6      | Found a bloodstained altar of Trog.
  5424 | D:6      | Reached XP level 9. HP: 81/81 MP: 8/8
  5429 | D:6      | Found an ancient bone altar of Kikubaaqudgha.
  5908 | D:6      | Found an opulent altar of Gozag.
  5910 | D:6      | Found a burning altar of Makhleb.
  5911 | D:6      | Found an ornate altar of the Wu Jian Council.
  5913 | D:6      | Found an iron altar of Okawaru.
  6302 | D:7      | Reached skill level 11 in Axes
  6563 | D:7      | Found a staircase to the Ecumenical Temple.
  6632 | D:7      | Found a blossoming altar of Fedhas.
  7317 | D:7      | Paralysed by a hornet for 3 turns
  8606 | D:8      | You fall into a shaft and drop 1 floor!
  8628 | D:9      | Reached skill level 12 in Axes
  8640 | D:9      | Reached XP level 10. HP: 52/91 MP: 9/9
  8640 | D:9      | Reached *** piety under Trog
  8828 | D:9      | Reached skill level 5 in Shields
  9823 | D:9      | Noticed a two-headed ogre
  9829 | D:9      | Killed a two-headed ogre
  9834 | D:9      | Reached skill level 13 in Axes
 10038 | D:8      | Reached skill level 10 in Fighting
 10341 | D:8      | Found a sacrificial altar of Ru.
 10470 | D:8      | Noticed a death yak
 10483 | D:8      | Killed a death yak
 10484 | D:8      | Reached XP level 11. HP: 60/101 MP: 10/10
 10486 | D:8      | Reached skill level 10 in Armour
 10487 | D:8      | Reached skill level 14 in Axes
 11178 | D:10     | Entered Level 10 of the Dungeon
 11184 | D:10     | Noticed Maggie
 11208 | D:10     | Killed Maggie
 11385 | D:10     | Reached **** piety under Trog
 11648 | D:10     | Noticed Maurice
 11659 | D:10     | Killed Maurice
 11756 | D:10     | Found a glowing silver altar of Zin.
 11756 | D:10     | Noticed an angel
 11823 | D:10     | Found a shimmering altar of Xom.
 12518 | D:10     | Found a staircase to the Orcish Mines.
 12877 | D:11     | Noticed Snorg
 12882 | D:11     | Noticed a fire dragon
 12948 | D:11     | Found a staircase to the Lair.
 13016 | D:11     | Killed Snorg
 13017 | D:11     | Reached skill level 15 in Axes
 13038 | D:12     | Mangled by a very large slime creature

Illustrated notes

Levels and vault maps discovered:
D:1:      arrival_zaba_pyramid, layout_rooms, hellmonk_ecumenical_altar_zigzags,
          minmay_split_cup_large
D:2:      layout_basic, roderic_serpentine_path, minmay_lizard_king,
          uniq_natasha, uniq_jessica
D:3:      layout_basic, vehumet_statue, mainiacjoe_overflow_six_doors_small
D:4:      layout_basic, gammafunk_ghost_necromancy, uniq_duvessa, uniq_pikel
D:5:      layout_basic, dk_yredelemnul_ordeal, serial_shops,
          kennysheep_little_box, kennysheep_crisscross
D:6:      layout_loops_cross, lemuel_doored_altar, kennysheep_mini, minitemple
D:7:      layout_layer_cave, fedhas_altar_2, minmay_temple_entry_antechambers,
          kennysheep_generic_room_4
D:8:      argonaut_augean_stables, layout_rooms,
          nicolae_ru_sacrificial_ziggurat, corexii_hall_statues_l
D:9:      layout_roguey, grunt_decor_cap, minmay_strange_pillars
D:10:     layout_loops_ring, grunt_temple_overflow_order_and_chaos_1,
          minmay_orc_entry_guard_dogs, minmay_liquid_box,
          kb_lookout_dungeons_type, uniq_maggie, uniq_maurice
D:11:     layout_rooms, minmay_lair_entry_lava, uniq_snorg, uniq_erolcha
D:12:     layout_irregular_city, elves_outpost_lemuel, uniq_rupert

Skill      XL: |  1  2  3  4  5  6  7  8  9 10 11 |
---------------+----------------------------------+-----
Axes           | 4 5 6 8 10 12 13 15 | 15.1
Fighting       | 4 5 6 7 9 10 11 | 11.3
Armour         | 3 4 5 6 7 8 9 10 | 10.8
Shields        | 2 4 7 8 |  8.3
Dodging        | |  2.1

Action                   |  1- 3 |  4- 6 |  7- 9 | 10-12 || total
-------------------------+-------+-------+-------+-------++-------
Melee: Hand axe          |    95 |   111 |   276 |     1 ||   483
       Headbutt          |     6 |    15 |    53 |    68 ||   142
       Punch             |     1 |     1 |       |       ||     2
       War axe           |       |       |       |   323 ||   323
Invok: Berserk           |     1 |     1 |     8 |     7 ||    17
       Trog's Hand       |       |       |     2 |     1 ||     3
Evoke: Wand              |       |       |     4 |       ||     4
 Stab: Sleeping          |     1 |       |       |       ||     1
Armor: Animal skin       |    13 |       |       |       ||    13
       Scale mail        |     7 |    60 |   135 |    33 ||   235
       Chain mail        |       |       |       |    64 ||    64
       Acid dragon scale |       |       |       |    40 ||    40
       Skin              |       |       |       |     2 ||     2
Dodge: Dodged            |    57 |    55 |   140 |   131 ||   383
Block: Buckler           |       |       |    27 |    64 ||    91
